AoeStats
← 从不压堡之人

Nomad

509101987Analyzed
4v4 RM · 6d ago on Sep 25, 2026· 34m 31s· 8 players
Game mode
Random Map
Map size
231×231
Population
200
Speed
Normal
Resources
Standard
Victory
Conquest
Starting age
Dark Age
Ending age
Imperial Age
RankedLock teamsTeams togetherTeam positionsShared explorationLock speedFull tech treeHidden civsTurbo modeCheats
Victory
Defeat
🇨🇳 Tatars · China
1104
+15
🇨🇳 Dravidians · China
1097
+15
🇨🇳 Italians · China
1097
+15
967
+22
🇨🇳 Persians · China
1094
-17
🇩🇪 Burmese · Germany
1094
-17
🇨🇳 Hindustanis · China
1088
-17
🇨🇳 Mongols · China
1058
-16
从不压堡之人
4:42 Loom
15:20 Feudal Age
16:27 Gold Mining
16:24 Double-Bit Axe
16:19 Fishing Lines
17:36 Forging
19:48 Castle Age
20:51 Bow Saw
20:52 Medium Warships
21:47 Clinker Construction
25:18 Imperial Age
22:56 Gillnets
23:42 Wheelbarrow
24:10 Stone Mining
24:29 Caravan
26:05 Scale Mail Armor
27:24 Two-Man Saw
26:20 Horse Collar
28:14 Squires
28:30 Arson
28:49 Town Watch
29:58 Chain Mail Armor
30:54 Hand Cart
32:24 Plate Mail Armor
34:36 Iron Casting
34:56 Guilds
洗心革面重新做人TownYan
12:47 Loom
14:58 Feudal Age
16:58 Town Watch
21:03 Fishing Lines
23:56 Castle Age
22:42 Stone Mining
22:43 Gold Mining
26:22 Gold Shaft Mining
25:50 Gillnets
27:04 Wheelbarrow
29:13 Imperial Age
27:50 Padded Archer Armor
29:54 Husbandry
30:04 Bloodlines
32:17 Siege Engineers
33:15 Chemistry
我不是蓝精灵
4:18 Loom
13:20 Feudal Age
17:13 Castle Age
15:46 Fletching
16:31 Double-Bit Axe
17:28 Town Watch
18:21 Bow Saw
18:48 Wheelbarrow
20:11 Bodkin Arrow
20:44 Gold Mining
22:05 Padded Archer Armor
21:49 Horse Collar
22:27 Fishing Lines
24:38 Hand Cart
26:26 Heavy Plow
29:02 Bloodlines
30:35 Husbandry
31:05 Forging
30:56 Scale Mail Armor
31:05 Scale Barding Armor
31:21 Stone Mining
32:13 Gold Shaft Mining
35:53 Imperial Age
33:34 Treadmill Crane
35:14 Iron Casting
34:59 Chain Barding Armor
LLK是给
6:05 Loom
13:23 Feudal Age
14:02 Double-Bit Axe
15:16 Fishing Lines
18:02 Castle Age
16:21 Gold Mining
17:51 Forging
17:44 Town Watch
19:01 Bow Saw
20:40 Wheelbarrow
28:19 Imperial Age
26:38 Fletching
27:19 Ballistics
27:22 Bodkin Arrow
27:28 Guard Tower
29:02 Bracer
31:26 Chemistry
31:37 Elite Cannon Galleon
33:49 Keep
Siggi_Team
4:03 Loom
12:59 Feudal Age
14:39 Gold Mining
22:35 Castle Age
20:47 Fletching
随便玩玩
16:57 Feudal Age
20:34 Castle Age
19:01 Stone Mining
22:12 Wheelbarrow
25:40 Fletching
360216051
6:51 Loom
15:50 Feudal Age
16:56 Double-Bit Axe
16:59 Fishing Lines
20:57 Gold Mining
25:43 Castle Age
23:50 Horse Collar
24:08 Arson
24:25 Stone Mining
26:49 Gillnets
27:29 Bow Saw
28:40 Stone Shaft Mining
28:40 Bloodlines
29:05 Scale Barding Armor
32:40 Fletching
34:41 Wheelbarrow
阿巴阿巴
5:04 Loom
Connection lost

Rejoining the realm…

Still unreachable

The connection could not be restored.

Session expired

The server has moved on; the page needs a fresh start.